 Dungeon Crawl Stone Soup version 0.30-a0-845-g7c6808c8ce (webtiles) character file.

Game seed: 7716940845099874544

986 jasper the Slasher (level 8, -3/60 HPs)
             Began as a Djinni Berserker on Mar 2, 2023.
             Was a Believer of Trog.
             Splashed by a jelly's acid (10 damage)
             ... on level 6 of the Dungeon.
             The game lasted 00:07:16 (4698 turns).

jasper the Slasher (Djinni Berserker)               Turns: 4698, Time: 00:07:17

Health: -3/60      AC:  1    Str: 24    XL:     8   Next: 41%
Gold:   169        EV:  9    Int:  9    God:    Trog [**....] SH:  0 Dex: 13

rFire   + + .      SeeInvis .    a - +1 falchion
rCold   x . .      Faith    .    (no shield)
rNeg    . . .      Spirit   .    m - +0 chain mail
rPois   ∞          Reflect  .    (no helmet)
rElec   .          Rampage  .    (no cloak)
rCorr   .                        (no gloves)
Will    .....                    (boots unavailable) Stlth
                                 (no amulet)
HPRegen 0.30/turn                f - +6 ring of strength
MPRegen 0.00/turn                l - +4 ring of protection

@: corroded, flying
A: sickness immunity, fire resistance 2, cold vulnerability 1, float, innate
caster, HP casting, extra vitality 1
a: Renounce Religion, Berserk, Trog's Hand


You were on level 6 of the Dungeon.
You worshipped Trog.
Trog was pleased with you.
You visited 1 branch of the dungeon, and saw 6 of its levels.

You collected 257 gold pieces.
You spent 88 gold pieces at shops.

Inventory:

Hand Weapons
 a - a +1 falchion (weapon)
 i - a +0 short sword
 y - a +1 short sword of venom
Missiles
 g - 9 javelins
 j - 28 stones
 n - 9 poisoned darts
 C - 6 boomerangs (quivered)
Armour
 b - a +0 animal skin
 m - a +0 chain mail (worn)
 o - a +1 ring mail of cold resistance
Jewellery
 f - a +6 ring of strength (left hand)
 l - a +4 ring of protection (right hand)
 s - a +6 ring of strength
Wands
 p - a wand of digging (2)
 q - a wand of quicksilver (4)
Scrolls
 h - a scroll of enchant weapon
 k - a scroll of fear
 u - a scroll of silence
 v - a scroll of vulnerability
 w - a scroll of blinking
 x - a scroll of fog {unknown}
Potions
 c - 2 potions of flight
 d - 6 potions of curing
 e - a potion of heal wounds
 r - a potion of degeneration {unknown}
 t - a potion of mutation {unknown}
 z - a potion of lignification {unknown}
 A - a potion of invisibility {unknown}
 B - a potion of cancellation {unknown}


   Skills:
 + Level 5.4 Fighting
 * Level 6.5 Long Blades
 + Level 4.9 Armour
 - Level 2.2 Dodging


You knew the following spells:

 Your Spells              Type           Power      Damage    Failure   Level
a - Foxfire               Conj/Fire      0%         2x1d4     95%         1
b - Scorch                Fire           0%         2d5       99%         2
c - Inner Flame           Hex/Fire       0%         N/A       100%        3
Your spell library was empty.


Dungeon Overview and Level Annotations

Branches:
Dungeon (6/15)             Temple (0/1) D:4

Altars:
Okawaru

Shops:
D:2 !   D:6 :


Innate Abilities, Weirdness & Mutations

You are immune to sickness and miasma.
You are immune to poison.
Your flesh is very heat resistant. (rF++)
You are vulnerable to cold. (rC-)
You float through the air rather than walking.
You learn spells naturally, not from books.
Your magical power is your life essence.
You have superior vitality. (+4 MHP)


Message History

You hit the jelly.
Your hands burn!
The jelly is moderately wounded.
The jelly barely misses you.
You take 3 damage, and have 56/60 hp.
You slash the jelly!
Your hands burn!
The jelly is severely wounded.
The jelly hits you. The acid corrodes you!
You are splashed with acid!
You take 13 damage, and have 43/60 hp.
MASSIVE DAMAGE!!
You hit the jelly.
Your hands burn!
The jelly is almost dead.
The jelly barely misses you.
You take 2 damage, and have 41/60 hp.
You hit the jelly. The acid corrodes you!
Your hands burn!
The jelly is almost dead.
You hear the slow rusting of a very distant drain.
The jelly hits you.
You are splashed with acid!
You take 14 damage, and have 27/60 hp.
MASSIVE DAMAGE!!
You completely miss the jelly. You punch the jelly.
The jelly is almost dead.
The jelly hits you but does no damage.
You hit the jelly but do no damage. The acid corrodes you!
Your hands burn!
The jelly is almost dead.
The jelly hits you.
You are splashed with acid!
* * * LOW HITPOINT WARNING * * *
You take 15 damage, and have 12/60 hp.
MASSIVE DAMAGE!!
You hit the jelly but do no damage.
Your hands burn!
* * * LOW HITPOINT WARNING * * *
The jelly is almost dead.
The jelly barely misses you.
You take 2 damage, and have 10/60 hp.
Throw: 6 boomerangs
Press: ? - help, Q - select action, (/) - cycle Shift-Dir - straight line, f - jelly
Aim: a jelly (almost dead, 89% to hit)
You throw a boomerang.
The boomerang hits the jelly but does no damage.
The jelly is almost dead.
The jelly hits you.
* * * LOW HITPOINT WARNING * * *
You are splashed with acid!
You die...

...#... .......
#..... .#.....
....... ## ##.... .##
##.....#####..##
#..<..J@...#...#
##.##!....#.#..#
###..#...#.#
#..#..∩..#####
.....#...#.##.##
#......#.#..#>..# ###
#.......#...##..###..
#........).##........
.......##.###........


You could see a jelly.

Vanquished Creatures
  An ice beast (D:6)
  2 ogres
  A centaur (D:5)
  A phantom (D:5)
  2 scorpions (D:5)
  A bullfrog (D:6)
  A wight (D:4)
  A hound (D:6)
  An orc priest (D:3)
  Jessica (D:2)
  Ijyb (D:3)
  2 iguanas (D:4)
  An orc wizard (D:3)
  4 adders
  A shadow imp (D:5)
  An ufetubus (D:6)
  3 worms
  3 dart slugs
  9 orcs
  9 ball pythons
  9 endoplasms
  5 giant cockroaches
  10 hobgoblins
  4 jackals (D:4)
  4 quokkas
  6 bats
  6 frilled lizards
  4 goblins
  5 kobolds
  2 rats
101 creatures vanquished.

Vanquished Creatures (others)
  6 plants (D:3)
6 creatures vanquished.

Grand Total: 107 creatures vanquished

Notes
Turn   | Place    | Note
-------+----------+-------------------------------------------
     0 | D:1      | jasper the Djinni Berserker began the quest for the Orb.
     0 | D:1      | Reached XP level 1. HP: 20/20 MP: 0/0
   181 | D:1      | Reached XP level 2. HP: 17/25 MP: 0/0
   266 | D:1      | Reached skill level 3 in Long Blades
   786 | D:1      | Reached XP level 3. HP: 30/30 MP: 0/0
   786 | D:1      | Learned a level 1 spell: Foxfire
  1009 | D:2      | Reached ** piety under Trog
  1029 | D:2      | Found Tuppap's Distillery.
  1039 | D:2      | Bought a potion of heal wounds for 55 gold pieces
  1039 | D:2      | Bought a potion of curing for 33 gold pieces
  1048 | D:2      | Noticed Jessica
  1060 | D:2      | Killed Jessica
  1061 | D:2      | Reached XP level 4. HP: 35/35 MP: 0/0
  1209 | D:2      | Found a faded altar of an unknown god.
  1909 | D:3      | Reached XP level 5. HP: 41/41 MP: 0/0
  1909 | D:3      | Learned a level 2 spell: Scorch
  2165 | D:3      | Noticed Ijyb
  2177 | D:3      | Killed Ijyb
  2178 | D:3      | Reached skill level 4 in Long Blades
  2387 | D:3      | Reached XP level 6. HP: 36/47 MP: 0/0
  3073 | D:4      | Found a staircase to the Ecumenical Temple.
  3121 | D:4      | Noticed an ogre
  3126 | D:4      | Killed an ogre
  3467 | D:4      | Reached skill level 5 in Long Blades
  3467 | D:4      | Reached XP level 7. HP: 53/53 MP: 0/0
  3467 | D:4      | Learned a level 3 spell: Inner Flame
  3765 | D:5      | Entered Level 5 of the Dungeon
  3980 | D:5      | Found an iron altar of Okawaru.
  4284 | D:5      | Reached skill level 5 in Fighting
  4496 | D:5      | Reached skill level 6 in Long Blades
  4496 | D:5      | Reached XP level 8. HP: 59/59 MP: 0/0
  4659 | D:6      | Found Wuisomp's Book Shop.
  4698 | D:6      | Splashed by a jelly's acid

Illustrated notes

Levels and vault maps discovered:
D:1:      scummos_arrival_forest, layout_loops_ring, st_stairs_13,
          minmay_distorted
D:2:      layout_loops_ring, serial_shops,
          nicolae_shop_temple_entry_statues_fountains,
          chequers_ecumenical_altar_island, uniq_jessica
D:3:      layout_basic, serial_forest, infiniplex_forest_clump_tiny,
          infiniplex_forest_zigzag_1, infiniplex_forest_clump_small,
          infiniplex_forest_diagonal, infiniplex_forest_join,
          infiniplex_forest_clump_small, infiniplex_forest_zigzag_2,
          minmay_checkerbox, uniq_ijyb
D:4:      minmay_chambers_of_fours, layout_gridville, temple_green,
          serial_forest, infiniplex_forest_straight_3,
          infiniplex_forest_straight_3, infiniplex_forest_clump_tiny,
          infiniplex_forest_clump_tiny, infiniplex_forest_straight_2,
          infiniplex_forest_straight_2, infiniplex_forest_lined_room_3,
          infiniplex_forest_diagonal
D:5:      layout_basic, mainiacjoe_overflow_small_starburst
D:6:      layout_cave_pools, nicolae_ru_great_annihilating_truth,
          kennysheep_mini_moat, serial_shops, nicolae_diamond_shop,
          portal_sewer_entry_d, serial_column_ruins, column_ruins_open_small,
          column_ruins_columns_straight, column_ruins_grid_1,
          column_ruins_open_tiny, column_ruins_open_tiny,
          column_ruins_open_small, minmay_misc_feat_x, grunt_ministairs_2

Skill      XL: |  1  2  3  4  5  6  7 |
---------------+----------------------+-----
Long Blades    | 3 4 5 6 |  6.5
Armour         | 3 4 |  4.9
Fighting       | 4 5 |  5.4
Dodging        | |  2.2

Action                     |  1- 3 |  4- 6 |  7- 9 || total
---------------------------+-------+-------+-------++-------
  Melee: Falchion          |    91 |   176 |    78 ||   345
         Punch             |       |     2 |     1 ||     3
  Throw: Dart              |    14 |    21 |       ||    35
         Stone             |     1 |       |       ||     1
         Javelin           |       |    29 |     9 ||    38
         Boomerang         |       |       |    15 ||    15
 Invoke: Berserk           |     1 |     5 |     4 ||    10
  Evoke: Wand              |       |     2 |       ||     2
    Use: Scroll            |     4 |     3 |       ||     7
 Armour: Animal skin       |     7 |       |       ||     7
         Chain mail        |    25 |   107 |    48 ||   180
  Dodge: Dodged            |    44 |    78 |    42 ||   164

Table legend: (Time is in decaauts)
 A = Elapsed time spent in this place.
 B = Non-inter-level travel time spent in this place.
 C = Inter-level travel time spent in this place.
 D = Time resting spent in this place.
 E = Time spent auto-exploring this place.
 F = Levels seen in this place.
 G = Mean time per level.
                   A        B        C        D        E       F      G
               +--------+--------+--------+--------+--------+-----+--------+
         Total |   4841 |   4688 |    153 |    457 |   3167 |   6 |  806.8 |
       Dungeon |   4841 |   4688 |    153 |    457 |   3167 |   6 |  806.8 |
               +--------+--------+--------+--------+--------+-----+--------+

Top non-repeatable levels by time:
     D:2: 1084 daAuts
     D:1: 975 daAuts
     D:3: 949 daAuts
     D:4: 872 daAuts
     D:5: 804 daAuts
     D:6: 154 daAuts
